 Dungeon Crawl Stone Soup version 0.32-a0-422-g28b100f618 (webtiles) character file.

Game seed: 16372196983787931982

4683 Goatnapper the Skirmisher (level 10, -1/118 HPs)
             Began as a Coglin Hexslinger on Feb 21, 2024.
             Was an Initiate of Gozag.
             Slain by Erica
             ... wielding a +0 scimitar of flaming
              (2 damage)
             ... on level 9 of the Dungeon.
             The game lasted 00:14:56 (9551 turns).

Goatnapper the Skirmisher (Coglin Hexslinger)       Turns: 9551, Time: 00:14:57

Health: -1/118     AC: 29    Str:  8    XL:     10   Next: 44%
Magic:  11/11      EV: -1    Int: 13    God:    Gozag
Gold:   462        SH:  0    Dex: 21    Spells: 11/11 levels left

rFire   . . .        a - +1 sling {Akal}
rCold   . . .        o - +0 sling {Fernanda}
rNeg    . . .        t - melded +0 leather armour
rPois   +            b - melded +1 helmet
rElec   .            k - melded +1 cloak
rCorr   .            h - melded +0 pair of gloves
SInv    .            (boots currently unavailable)
Will    .....        (no amulet)
Stlth   +            c - +4 ring of protection
HPRegen 0.39/turn    F - +5 ring of evasion
MPRegen 0.12/turn

%: no passive effects
@: confused, brilliant, tree-form, slowed, constricted, very slow
A: stationary, stasis, torment immunity, boosted hp, off-hand wielding, slow
wielding, warmup strikes, (legs shutdown)
a: Renounce Religion, Potion Petition, Call Merchant, Bribe Branch


You were on level 9 of the Dungeon.
You worshipped Gozag.
Gozag was aware of your devotion.
You were a tree.
You visited 2 branches of the dungeon, and saw 10 of its levels.
You also visited: Ossuary.

You collected 590 gold pieces.
You paid 128 gold pieces to Gozag.

Inventory:

Hand Weapons
 a - a +1 sling (weapon) {Akal}
 o - a +0 sling (offhand) {Fernanda}
Missiles
 E - 3 throwing nets
Armour
 b - a +1 helmet (melded)
 h - a +0 pair of gloves (melded)
 k - a +1 cloak (melded)
 t - a +0 leather armour (melded)
Jewellery
 c - a +4 ring of protection (left branch)
 l - a +6 ring of intelligence
 F - a +5 ring of evasion (right branch)
Wands
 i - a wand of iceblast (29)
 n - a wand of polymorph (9)
 D - a wand of charming (2)
Scrolls
 j - a scroll of enchant armour
 p - 2 scrolls of enchant weapon
 q - a scroll of vulnerability {!r}
 r - a scroll of fog {@r2}
 s - 2 scrolls of revelation {@r5}
 u - a scroll of brand weapon
 v - 3 scrolls of teleportation {@r3}
 x - 2 scrolls of poison
 C - a scroll of immolation
Potions
 d - a potion of resistance
 f - a potion of brilliance
 g - a potion of mutation {unknown}
 m - 2 potions of lignification
 w - a potion of cancellation {unknown}
 z - a potion of ambrosia {unknown}
 A - a potion of might {unknown}
 B - 2 potions of degeneration {unknown}


   Skills:
 + Level 7.5 Fighting
 * Level 10.0 Ranged Weapons
 + Level 7.1 Dodging
 - Level 1.0 Spellcasting
 - Level 2.6 Hexes
 - Level 0.8 Fire Magic


You had 11 spell levels left.
You didn't know any spells.
Your spell library contained the following spells:

 Spells                   Type           Power      Damage    Failure   Level
 Jinxbite                 Hex            22%        N/A       14%         2
 Ensorcelled Hibernation  Hex/Ice        12%        N/A       24%         2
 Magic Dart               Conj           0%         1d3       28%         1
 Sigil of Binding         Hex            11%        N/A       28%         3
 Blink                    Tloc           0%         N/A       38%         2
 Call Imp                 Summ           0%         N/A       38%         2
 Inner Flame              Hex/Fire       7%         N/A       38%         3
 Volatile Blastmotes      Fire/Tloc      4%         2d10      56%         3
 Ozocubu's Armour         Ice            0%         N/A       63%         3
 Passwall                 Erth           0%         N/A       63%         3
 Swiftness                Air            0%         N/A       63%         3
 Cause Fear               Hex            5%         N/A       67%         4
 Dimensional Bullseye     Hex/Tloc       3%         N/A       85%         4
 Fulminant Prism          Conj/Alch      0%         3d5       95%         4
 Iskenderun's Mystic Bla  Conj/Tloc      0%         2d3       95%         4
 Metabolic Englaciation   Hex/Ice        3%         N/A       99%         5
 Sculpt Simulacrum        Ice/Alch       0%         N/A       100%        6


Dungeon Overview and Level Annotations

Branches:
Dungeon (9/15)             Temple (1/1) D:7         Ossuary (visited)
   Lair: D:8-11         Orc: D:9-12

Altars:
Ashenzari
Cheibriados
Dithmenos
Elyvilon
Gozag
Hepliaklqana
Kikubaaqudgha
Nemelex Xobeh
Okawaru
Qazlal
Ru
Sif Muna
Trog
Uskayaw
Vehumet
Wu Jian
Xom
Zin
The Shining One

Annotations:
D:9 Erica


Innate Abilities, Weirdness & Mutations

You are a tree.
Your roots penetrate the ground, keeping you stationary.
You cannot be teleported.
You are immune to unholy pain and torment.
Your maximum health is greatly increased.
Your equipment is partially melded.
You can wield a second weapon in your off-hand.
It takes a long time for you to wield or remove held weapons.
Your first few attacks do less damage.
((Attacking and casting redirects power from your legs.))


Message History

You resist with some effort.
Okay, then.
You feel better.
You are no longer unable to travel.
Something hits you.
* * * LOW HITPOINT WARNING * * *
Something burns you.
* * * LOW HITPOINT WARNING * * *
You are constricted.
The vampire points at you and mumbles some strange words.
You are confused.
Unknown command.
It was a potion of lignification.
You turn into a tree.
Your +1 cloak melds into your body.
Your +1 helmet melds into your body.
Your +0 pair of gloves melds into your body.
Your +0 leather armour melds into your body.
Your roots penetrate the ground.
Something hits you but does no damage.
You are constricted.
The vampire gestures at you while chanting.
You are more confused.
The vampire hits you but does no damage.
The vampire bites you.
* * * LOW HITPOINT WARNING * * *
The vampire draws strength from your injuries!
Something hits you but does no damage.
You are constricted.
Unknown command.
It was a potion of brilliance.
You feel clever all of a sudden. Something hits you but does no damage.
You are constricted.
* * * LOW HITPOINT WARNING * * *
The vampire hits you but does no damage.
The vampire bites you.
* * * LOW HITPOINT WARNING * * *
The vampire draws strength from your injuries!
Unknown command.
It was a potion of magic.
Magic courses through your body. Something hits you.
* * * LOW HITPOINT WARNING * * *
Something burns you.
You die...
Your body crumbles into a pile of gold.

..###..........
...............
...............
...............
...............
.....$.........
.......{V......
.......♣.......
...............
...............
...........#..<
.........### ..
.......### .
......# ....##


You could see a vampire.

Vanquished Creatures
  A hornet (D:8)
  Sigmund (D:3)
  2 wyverns
  2 steam dragons (D:8)
  An acid dragon (D:8)
  3 ice beasts
  A sky beast (D:7)
  An orc warrior (D:8)
  An ogre (D:6)
  5 centaurs
  A phantom (D:5)
  A kobold brigand (D:6)
  2 bullfrogs (D:7)
  A gnoll sergeant (D:6)
  4 wights
  7 killer bees
  4 howler monkeys
  2 bombardier beetles
  7 centaur zombies (Ossuary)
  A jelly (D:6)
  8 hounds
  A sleepcap (D:6)
  4 iguanas
  3 orc wizards
  Natasha (thrice) (D:2)
  5 hound zombies (Ossuary)
  2 mummies (Ossuary)
  Robin (D:2)
  12 gnolls
  6 adders
  2 shadow imps
  2 white imps
  2 ufetubi (D:6)
  5 adder zombies (Ossuary)
  3 dart slugs
  4 ribbon worms
  11 orcs
  6 endoplasms
  4 giant cockroaches
  6 gnoll zombies (Ossuary)
  12 goblins
  4 hobgoblins
  2 jackals (D:1)
  5 quokkas
  6 ball pythons
  A bat (D:2)
  3 frilled lizards
  3 jackal zombies (Ossuary)
  11 kobolds
  6 kobold zombies (Ossuary)
  5 orc zombies (Ossuary)
  4 rats
200 creatures vanquished.

Vanquished Creatures (collateral kills)
  A hornet (D:7)
  2 killer bees
  An orc (D:7)
4 creatures vanquished.

Vanquished Creatures (others)
  A killer bee (D:8)
1 creature vanquished.

Grand Total: 205 creatures vanquished

Notes
Turn   | Place    | Note
-------+----------+-------------------------------------------
     0 | D:1      | Goatnapper the Coglin Hexslinger began the quest for the
                  | Orb.
     0 | D:1      | Reached XP level 1. HP: 15/15 MP: 2/2
    65 | D:1      | Reached skill level 2 in Ranged Weapons
    72 | D:1      | Reached XP level 2. HP: 21/21 MP: 3/3
   298 | D:1      | Reached XP level 3. HP: 26/26 MP: 4/4
   833 | D:2      | Noticed Natasha
   837 | D:2      | Reached skill level 3 in Ranged Weapons
   837 | D:2      | Reached XP level 4. HP: 33/33 MP: 5/5
   840 | D:2      | Killed Natasha
   893 | D:2      | Noticed Natasha
   903 | D:2      | HP: 1/33 [Natasha (3)]
   909 | D:2      | Killed Natasha
   910 | D:2      | Reached XP level 5. HP: 21/39 MP: 6/6
  1194 | D:2      | Noticed Robin
  1217 | D:2      | Killed Robin
  1925 | D:3      | Noticed Sigmund
  2588 | D:2      | Noticed Natasha
  2597 | D:2      | Killed Natasha
  2598 | D:2      | Reached skill level 4 in Ranged Weapons
  2598 | D:2      | Reached XP level 6. HP: 21/46 MP: 7/7
  2771 | D:3      | Killed Sigmund
  2868 | D:4      | Found a sand-covered staircase.
  2879 | Ossuary  | Entered an ossuary
  2895 | Ossuary  | Reached XP level 7. HP: 48/52 MP: 8/8
  2967 | Ossuary  | Reached skill level 5 in Ranged Weapons
  3375 | D:4      | Reached XP level 8. HP: 60/60 MP: 9/9
  3388 | D:4      | Reached skill level 6 in Ranged Weapons
  3544 | D:4      | Identified the +3 hand axe of the Wraith {drain, *Slow Fly
                  | rCorr SInv}
  3944 | D:5      | Entered Level 5 of the Dungeon
  4572 | D:5      | Reached skill level 5 in Fighting
  4995 | D:6      | Reached skill level 5 in Dodging
  5035 | D:6      | Reached skill level 7 in Ranged Weapons
  5461 | D:6      | Reached XP level 9. HP: 45/68 MP: 10/10
  6031 | D:6      | Reached skill level 8 in Ranged Weapons
  6354 | D:6      | HP: 3/69 [killer bee (2)]
  6561 | D:7      | Noticed a hornet
  6614 | D:7      | Paralysed by a hornet for 2 turns
  6616 | D:7      | Killed a hornet
  7220 | D:7      | Reached skill level 9 in Ranged Weapons
  7410 | D:7      | Reached XP level 10. HP: 74/77 MP: 11/11
  7588 | D:7      | Found a bloodstained altar of Trog.
  7735 | D:7      | Found a staircase to the Ecumenical Temple.
  7801 | D:7      | Found a hide-covered altar of Uskayaw.
  7960 | Temple   | Entered the Ecumenical Temple
  7980 | Temple   | Became a worshipper of Gozag Ym Sagoz the Greedy
  9447 | D:8      | Reached skill level 10 in Ranged Weapons
  9536 | D:9      | Noticed Erica
  9551 | D:9      | HP: 1/118 [something (6)]
  9551 | D:9      | Slain by Erica

Illustrated notes

Levels and vault maps discovered:
D:1:      mainiacjoe_arrival_reflecting_pool, layout_loops_cross,
          minmay_misc_feat_five
D:2:      layout_loops_ring, uniq_natasha, uniq_robin
D:3:      layout_basic, minmay_increasing_density, uniq_sigmund
D:4:      layout_cave_pools, lightli_ossuary_entry_decrepit_ruins
D:5:      layout_cave_pods
D:6:      layout_loops_corners
D:7:      layout_cave_pools, mainiacjoe_overflow_swirl,
          minmay_temple_entry_butterflies, serial_column_ruins,
          column_ruins_columns_straight, column_ruins_grid_1,
          column_ruins_columns_corner, column_ruins_grid_2,
          column_ruins_open_medium, minmay_misc_feat_roman
D:8:      layout_loops_ring
D:9:      layout_layer_cave, mainiacjoe_overflow_six_doors_small,
          chequers_temple_overflow_statue_of_worship, serial_shops,
          nicolae_shop_behind_doors, shop, uniq_erica
Temple:   nicolae_temple_bog_church

Skill      XL: |  1  2  3  4  5  6  7  8  9 10 |
---------------+-------------------------------+-----
Ranged Weapons | 2 3 4 5 7 9 10 | 10.0
Dodging        | 2 3 4 5 6 7 |  7.1
Fighting       | 2 3 4 5 6 7 |  7.5
Spellcasting   | |  1.0
Hexes          | |  2.6
Fire Magic     | |  0.8

Action                     |  1- 3 |  4- 6 |  7- 9 | 10-12 || total
---------------------------+-------+-------+-------+-------++-------
   Fire: Sling             |    87 |   253 |   994 |   336 ||  1670
  Evoke: Wand              |       |       |     8 |     9 ||    17
    Use: Potion            |       |     1 |     6 |     4 ||    11
         Scroll            |       |     1 |    14 |     2 ||    17
 Armour: Robe              |    14 |    43 |       |       ||    57
         Leather armour    |       |     8 |   235 |    97 ||   340
         Skin              |       |       |       |     8 ||     8
  Dodge: Dodged            |    13 |    46 |   254 |   122 ||   435

Table legend: (Time is in decaauts)
 A = Elapsed time spent in this place.
 B = Non-inter-level travel time spent in this place.
 C = Inter-level travel time spent in this place.
 D = Time resting spent in this place.
 E = Time spent auto-exploring this place.
 F = Levels seen in this place.
 G = Mean time per level.
                   A        B        C        D        E       F      G
               +--------+--------+--------+--------+--------+-----+--------+
         Total |   9675 |   8945 |    730 |   1556 |   5830 |  11 |  879.5 |
       Dungeon |   9202 |   8509 |    693 |   1497 |   5664 |   9 | 1022.4 |
        Temple |     37 |      1 |     36 |      0 |      0 |   1 |   37.0 |
       Ossuary |    435 |    435 |      0 |     59 |    166 |   1 |  435.0 |
               +--------+--------+--------+--------+--------+-----+--------+

Top non-repeatable levels by time:
     D:6: 2281 daAuts
     D:8: 1391 daAuts
     D:2: 1205 daAuts
     D:5: 959 daAuts
     D:7: 937 daAuts
     D:3: 931 daAuts
     D:1: 749 daAuts
     D:4: 721 daAuts
 Ossuary: 435 daAuts
  Temple: 37 daAuts
     D:9: 23 daAuts
